| TOP OF THE 1ST |
|
Oakland Oaks batting - Pitching for Colorado Avalanche : LHP Toby Moore
|
|
Pitching: LHP Toby Moore
|
|
|
Batting: LHB Bill Helmer
|
0-0: Ball 1-0: Called Strike 1-1: Foul Ball, location: 2F 1-2: Ball 2-2: Ground out 5-3 (Groundball, 56, EV 98.8 MPH)
|
|
Batting: SHB Steve McGee
|
0-0: Ball 1-0: Foul Ball, location: 2F 1-1: Fly out, F9 (Flyball, 9, EV 81.9 MPH)
|
|
Batting: LHB Justin LeFlore
|
0-0: Ball 1-0: Swinging Strike 1-1: Foul Ball, location: 2F 1-2: Ball 2-2: Strikes out swinging
|
| Top of the 1st over - 0 runs, 0 hits, 0 errors, 0 left on base; Oakland 0 - Colorado 0 |
| BOTTOM OF THE 1ST |
|
Colorado Avalanche batting - Pitching for Oakland Oaks : RHP Bob Waters
|
|
Pitching: RHP Bob Waters
|
|
|
Batting: RHB Ben Connelly
|
0-0: SINGLE (Line Drive, 8RS, EV 91.9 MPH)
|
|
Batting: SHB Taylor Shelton
|
0-0: Ball 1-0: Ball 2-0: Ball 3-0: Called Strike 3-1: Called Strike 3-2: Foul Ball, location: 2F 3-2: Foul Ball, location: 2F 3-2: Foul Ball, location: 2F 3-2: Base on Balls Ben Connelly to second
|
|
Batting: RHB Joe Shade
|
0-0: Ball 1-0: Foul Ball, location: 2F 1-1: Foul Ball, location: 2F 1-2: Ball 2-2: Grounds into double play, 3-6-3 (Groundball, 34, EV 90.6 MPH) Ben Connelly to third
|
|
Batting: RHB Aaron Burnet
|
0-0: Called Strike 0-1: Ball 1-1: Foul Ball, location: 2F 1-2: Ball 2-2: Ball 3-2: Foul Ball, location: 2F 3-2: Foul Ball, location: 2F 3-2: SINGLE (Flyball, 56D, EV 83.1 MPH) Ben Connelly scores
|
|
Batting: LHB Dan Goldberg
|
0-0: Ball 1-0: Ball 2-0: Foul Ball, location: 2F 2-1: Called Strike 2-2: DOUBLE (Line Drive, 3D, EV 100.6 MPH) Aaron Burnet to third
|
|
Batting: LHB Rich Rauda
|
0-0: Called Strike 0-1: Ground out U3 (Groundball, 13, EV 90.0 MPH)
|
| Bottom of the 1st over - 1 run, 3 hits, 0 errors, 2 left on base; Oakland 0 - Colorado 1 |
| TOP OF THE 2ND |
|
Oakland Oaks batting - Pitching for Colorado Avalanche : LHP Toby Moore
|
|
Batting: SHB Chris King
|
0-0: Swinging Strike 0-1: Foul Ball, location: 2F 0-2: Ball 1-2: Fly out, F7 (Line Drive, 78S, EV 91.9 MPH)
|
|
Batting: RHB Moises Guzman
|
0-0: Ground out 6-3 (Groundball, 6, EV 90.0 MPH)
|
|
Batting: RHB Kasey Sands
|
0-0: Ball 1-0: SINGLE (Line Drive, 78S, EV 105.0 MPH)
|
|
Batting: RHB Edwin Nunez
|
0-0: Called Strike 0-1: Foul Ball, location: 2F 0-2: Ball 1-2: Ball 2-2: Strikes out swinging
|
| Top of the 2nd over - 0 runs, 1 hit, 0 errors, 1 left on base; Oakland 0 - Colorado 1 |
| BOTTOM OF THE 2ND |
|
Colorado Avalanche batting - Pitching for Oakland Oaks : RHP Bob Waters
|
|
Batting: RHB Marco Avina
|
0-0: Ball 1-0: Ball 2-0: SINGLE (Line Drive, 4MD, EV 98.8 MPH)
|
|
Batting: RHB Mike Chiquete
|
0-0: Grounds into double play, 6-4-3 (Groundball, 6M, EV 90.0 MPH)
|
|
Batting: RHB Ken Dunphy
|
0-0: Ball 1-0: Called Strike 1-1: Called Strike 1-2: Ball 2-2: Ball 3-2: Strikes out swinging
|
| Bottom of the 2nd over - 0 runs, 1 hit, 0 errors, 0 left on base; Oakland 0 - Colorado 1 |
| TOP OF THE 3RD |
|
Oakland Oaks batting - Pitching for Colorado Avalanche : LHP Toby Moore
|
|
Batting: RHB Robby Britton
|
0-0: Called Strike 0-1: SOLO HOME RUN (Flyball, 7D, EV 95.0 MPH), Distance : 378 ft
|
|
Batting: RHB Matt Nehman
|
0-0: Ball 1-0: Swinging Strike 1-1: Foul Ball, location: 2F 1-2: Strikes out swinging
|
|
Batting: LHB Bill Helmer
|
0-0: Ball 1-0: Foul Ball, location: 2F 1-1: Swinging Strike 1-2: Ball 2-2: Fly out, F7 (Flyball, 7D, EV 82.5 MPH)
|
|
Batting: SHB Steve McGee
|
0-0: Ball 1-0: Ball 2-0: SOLO HOME RUN (Flyball, 7D, EV 101.2 MPH), Distance : 379 ft
|
|
Batting: LHB Justin LeFlore
|
0-0: Fly out, F6 (Flyball, 56D, EV 81.9 MPH)
|
| Top of the 3rd over - 2 runs, 2 hits, 0 errors, 0 left on base; Oakland 2 - Colorado 1 |
| BOTTOM OF THE 3RD |
|
Colorado Avalanche batting - Pitching for Oakland Oaks : RHP Bob Waters
|
|
Batting: RHB Ben Connelly
|
0-0: Ball 1-0: Called Strike 1-1: Foul Ball, location: 2F 1-2: Foul Ball, location: 2F 1-2: Foul Ball, location: 2F 1-2: Strikes out swinging
|
|
Batting: SHB Taylor Shelton
|
0-0: Ball 1-0: Ball 2-0: Foul Ball, location: 2F 2-1: Ball 3-1: Base on Balls
|
|
Batting: RHB Joe Shade
|
0-0: Ball Taylor Shelton steals 2nd base 1-0: Ball 2-0: Ball 3-0: Base on Balls
|
|
Batting: RHB Aaron Burnet
|
0-0: Called Strike 0-1: 3-RUN HOME RUN (Flyball, 9D, EV 98.8 MPH), Distance : 385 ft
|
|
Batting: LHB Dan Goldberg
|
0-0: Ball 1-0: Ball 2-0: Swinging Strike 2-1: Foul Ball, location: 2F 2-2: Ball 3-2: Strikes out swinging
|
|
Batting: LHB Rich Rauda
|
0-0: Called Strike 0-1: Foul Ball, location: 2F 0-2: Ball 1-2: Ground out 6-3 (Groundball, 6MS, EV 88.1 MPH)
|
| Bottom of the 3rd over - 3 runs, 1 hit, 0 errors, 0 left on base; Oakland 2 - Colorado 4 |
| TOP OF THE 4TH |
|
Oakland Oaks batting - Pitching for Colorado Avalanche : LHP Toby Moore
|
|
Batting: SHB Chris King
|
0-0: Ball 1-0: Ground out 5-3 (Groundball, 56, EV 100.0 MPH)
|
|
Batting: RHB Moises Guzman
|
0-0: Ball 1-0: Ball 2-0: Ball 3-0: Foul Ball, location: 2F 3-1: Base on Balls
|
|
Batting: RHB Kasey Sands
|
0-0: Ball 1-0: SINGLE (Groundball, 56, EV 102.5 MPH) Moises Guzman to second
|
|
Batting: RHB Edwin Nunez
|
0-0: Called Strike 0-1: Swinging Strike 0-2: Ball 1-2: Strikes out swinging
|
|
Batting: RHB Robby Britton
|
0-0: Called Strike 0-1: Ball 1-1: 3-RUN HOME RUN (Flyball, 7D, EV 97.5 MPH), Distance : 399 ft
|
|
Batting: RHB Matt Nehman
|
0-0: Ball 1-0: Ball 2-0: SINGLE (Line Drive, 4MD, EV 105.0 MPH)
|
|
Batting: LHB Bill Helmer
|
0-0: Ball 1-0: Called Strike 1-1: Swinging Strike 1-2: Ball 2-2: Ball 3-2: Strikes out looking
|
| Top of the 4th over - 3 runs, 3 hits, 0 errors, 1 left on base; Oakland 5 - Colorado 4 |
| BOTTOM OF THE 4TH |
|
Colorado Avalanche batting - Pitching for Oakland Oaks : RHP Bob Waters
|
|
Batting: RHB Marco Avina
|
0-0: Ball 1-0: Ground out 5-3 (Groundball, 56S, EV 89.4 MPH)
|
|
Batting: RHB Mike Chiquete
|
0-0: Swinging Strike 0-1: Ball 1-1: Ball 2-1: Called Strike 2-2: Ground out 5-3 (Groundball, 56, EV 78.1 MPH)
|
|
Batting: RHB Ken Dunphy
|
0-0: Called Strike 0-1: Ball 1-1: Foul Ball, location: 2F 1-2: SOLO HOME RUN (Flyball, 7D, EV 98.1 MPH), Distance : 394 ft
|
|
Batting: RHB Ben Connelly
|
0-0: Foul Ball, location: 2F 0-1: Ball 1-1: Foul Ball, location: 2F 1-2: Strikes out looking
|
| Bottom of the 4th over - 1 run, 1 hit, 0 errors, 0 left on base; Oakland 5 - Colorado 5 |
| TOP OF THE 5TH |
|
Oakland Oaks batting - Pitching for Colorado Avalanche : LHP Toby Moore
|
|
Batting: SHB Steve McGee
|
0-0: Foul Ball, location: 2F 0-1: SINGLE (Line Drive, 6M, EV 98.8 MPH)
|
|
Batting: LHB Justin LeFlore
|
0-0: Ball 1-0: Ball 2-0: Ball 3-0: Called Strike 3-1: Base on Balls Steve McGee to second
|
|
Pitching: RHP Cedomil Nedic
|
|
|
Batting: SHB Chris King
|
0-0: Swinging Strike 0-1: Ball 1-1: Ball 2-1: Foul Ball, location: 2F 2-2: SINGLE (Flyball, 78S, EV 89.4 MPH) Steve McGee to third Justin LeFlore to second Runner from 3rd tries for Home, SAFE, throw by LF to home
|
|
Batting: RHB Moises Guzman
|
0-0: Ball 1-0: Fly out, F8 (Flyball, 8LM, EV 88.8 MPH)
|
|
Batting: RHB Kasey Sands
|
0-0: Ball 1-0: Ball 2-0: Swinging Strike 2-1: Ball 3-1: Base on Balls Justin LeFlore to third Chris King to second
|
|
Batting: RHB Edwin Nunez
|
0-0: Called Strike 0-1: Fly out, F8 (Line Drive, 8RM, EV 90.6 MPH) Runner from 3rd tags up, SCORES, throw by CF Chris King to third
|
|
Batting: RHB Robby Britton
|
0-0: Fly out, F7 (Line Drive, 7S, EV 86.2 MPH)
|
| Top of the 5th over - 2 runs, 2 hits, 0 errors, 2 left on base; Oakland 7 - Colorado 5 |
| BOTTOM OF THE 5TH |
|
Colorado Avalanche batting - Pitching for Oakland Oaks : RHP Bob Waters
|
|
Now at SS: Alex Vidal
|
|
|
Batting: SHB Taylor Shelton
|
0-0: Ball 1-0: Foul Ball, location: 2F 1-1: Ground out 1-3 (Groundball, 13, EV 68.8 MPH)
|
|
Batting: RHB Joe Shade
|
0-0: Fly out, F8 (Flyball, 89XD, EV 102.5 MPH)
|
|
Batting: RHB Aaron Burnet
|
0-0: Foul Ball, location: 2F 0-1: Called Strike 0-2: Ball 1-2: Strikes out looking
|
| Bottom of the 5th over - 0 runs, 0 hits, 0 errors, 0 left on base; Oakland 7 - Colorado 5 |
| TOP OF THE 6TH |
|
Oakland Oaks batting - Pitching for Colorado Avalanche : RHP Cedomil Nedic
|
|
Batting: RHB Matt Nehman
|
0-0: Ball 1-0: Called Strike 1-1: Ball 2-1: Foul Ball, location: 2F 2-2: Foul Ball, location: 2F 2-2: Ball 3-2: Strikes out swinging
|
|
Batting: LHB Bill Helmer
|
0-0: Ball 1-0: Called Strike 1-1: Foul Ball, location: 2F 1-2: Ball 2-2: Ball 3-2: Ground out U3 (Groundball, 3, EV 90.0 MPH)
|
|
Pitching: RHP Kyle Cannon
|
|
|
Batting: RHB Alex Vidal
|
0-0: Ball 1-0: Swinging Strike 1-1: Reached on error, E7 (Flyball, 78M, EV 93.1 MPH)
|
|
Batting: LHB Justin LeFlore
|
0-0: Fly out, F8 (Line Drive, 8RD, EV 89.4 MPH)
|
| Top of the 6th over - 0 runs, 0 hits, 1 error, 1 left on base; Oakland 7 - Colorado 5 |
| BOTTOM OF THE 6TH |
|
Colorado Avalanche batting - Pitching for Oakland Oaks : RHP Bob Waters
|
|
Batting: LHB Dan Goldberg
|
0-0: Fly out, F7 (Flyball, 7D, EV 93.1 MPH)
|
|
Batting: LHB Rich Rauda
|
0-0: Called Strike 0-1: Ball 1-1: Ball 2-1: Foul Ball, location: 2F 2-2: Ball 3-2: Ground out U3 (Groundball, 34, EV 78.8 MPH)
|
|
Batting: RHB Marco Avina
|
0-0: SOLO HOME RUN (Flyball, 7D, EV 106.9 MPH), Distance : 397 ft
|
|
Pitching: RHP Ricky Mendoza
|
|
|
Pinch Hitting: RHB Brent Montagano
|
0-0: Called Strike 0-1: Foul Ball, location: 2F 0-2: Ball 1-2: Ball 2-2: SINGLE (Groundball, 4MD, EV 95.6 MPH)
|
|
Batting: RHB Ken Dunphy
|
0-0: Called Strike Brent Montagano is caught stealing 2nd base 2-4
|
| Bottom of the 6th over - 1 run, 2 hits, 0 errors, 0 left on base; Oakland 7 - Colorado 6 |
| TOP OF THE 7TH |
|
Oakland Oaks batting - Pitching for Colorado Avalanche : RHP Kyle Cannon
|
|
Now at 3B: Brent Montagano
|
|
|
Batting: SHB Chris King
|
0-0: Foul Ball, location: 2F 0-1: Foul Ball, location: 2F 0-2: Ball 1-2: Foul Ball, location: 2F 1-2: Strikes out swinging
|
|
Batting: RHB Moises Guzman
|
0-0: Ball 1-0: Swinging Strike 1-1: Called Strike 1-2: Strikes out looking
|
|
Batting: RHB Kasey Sands
|
0-0: Fly out, F6 (Popup, 6, EV 66.9 MPH)
|
| Top of the 7th over - 0 runs, 0 hits, 0 errors, 0 left on base; Oakland 7 - Colorado 6 |
| BOTTOM OF THE 7TH |
|
Colorado Avalanche batting - Pitching for Oakland Oaks : RHP Ricky Mendoza
|
|
Batting: RHB Ken Dunphy
|
0-0: Ball 1-0: Ball 2-0: Called Strike 2-1: Ball 3-1: Base on Balls
|
|
Batting: RHB Ben Connelly
|
0-0: Ball 1-0: Ball 2-0: Called Strike 2-1: Foul Ball, location: 2F 2-2: Strikes out swinging
|
|
Batting: SHB Taylor Shelton
|
0-0: Ball 1-0: Ball 2-0: Swinging Strike 2-1: Ball 3-1: Base on Balls Ken Dunphy to second
|
|
Batting: RHB Joe Shade
|
0-0: Ball 1-0: Called Strike 1-1: Foul Ball, location: 2F 1-2: Ball 2-2: Ball 3-2: 3-RUN HOME RUN (Flyball, 7LD, EV 90.6 MPH), Distance : 351 ft
|
|
Pitching: RHP Matt Schmidt
|
|
|
Batting: RHB Aaron Burnet
|
0-0: Called Strike 0-1: Ball 1-1: Called Strike 1-2: Foul Ball, location: 2F 1-2: Strikes out swinging
|
|
Batting: LHB Dan Goldberg
|
0-0: Ball 1-0: Ball 2-0: Ball 3-0: Called Strike 3-1: Foul Ball, location: 2F 3-2: Fly out, F7 (Flyball, 7LM, EV 88.8 MPH)
|
| Bottom of the 7th over - 3 runs, 1 hit, 0 errors, 0 left on base; Oakland 7 - Colorado 9 |
| TOP OF THE 8TH |
|
Oakland Oaks batting - Pitching for Colorado Avalanche : RHP Kyle Cannon
|
|
Pinch Hitting: LHB Justin Conley
|
0-0: Ball 1-0: Ball 2-0: Foul Ball, location: 2F 2-1: Ball 3-1: Fly out, F9 (Flyball, 9LS, EV 88.1 MPH)
|
|
Pinch Hitting: LHB Brian Canny
|
0-0: Foul Ball, location: 2F 0-1: Ball 1-1: Foul Ball, location: 2F 1-2: Strikes out swinging
|
|
Pinch Hitting: RHB Ricky Furst
|
0-0: Ball 1-0: Ball 2-0: Foul Ball, location: 2F 2-1: Foul Ball, location: 2F 2-2: Foul Ball, location: 2F 2-2: Strikes out looking
|
| Top of the 8th over - 0 runs, 0 hits, 0 errors, 0 left on base; Oakland 7 - Colorado 9 |
| BOTTOM OF THE 8TH |
|
Colorado Avalanche batting - Pitching for Oakland Oaks : RHP Matt Schmidt
|
|
Now at 1B: Justin Conley
|
|
|
Now at 2B: Jack Stadner
|
|
|
Now at 3B: Ricky Furst
|
|
|
Batting: LHB Rich Rauda
|
0-0: Called Strike 0-1: Swinging Strike 0-2: Foul Ball, location: 2F 0-2: Strikes out swinging
|
|
Batting: RHB Marco Avina
|
0-0: Foul Ball, location: 2F 0-1: Swinging Strike 0-2: Foul Ball, location: 2F 0-2: Strikes out swinging
|
|
Batting: RHB Brent Montagano
|
0-0: Ball 1-0: Ball 2-0: Foul Ball, location: 2F 2-1: Foul Ball, location: 2F 2-2: Ball 3-2: Foul Ball, location: 2F 3-2: Fly out, F6 (Line Drive, 6M, EV 66.2 MPH)
|
| Bottom of the 8th over - 0 runs, 0 hits, 0 errors, 0 left on base; Oakland 7 - Colorado 9 |
| TOP OF THE 9TH |
|
Oakland Oaks batting - Pitching for Colorado Avalanche : RHP Kyle Cannon
|
|
Pitching: RHP Gary Pinard
|
|
|
Batting: LHB Bill Helmer
|
0-0: Ground out 4-3 (Groundball, 4, EV 101.9 MPH)
|
|
Pinch Hitting: RHB Pat Betancourt
|
0-0: Called Strike 0-1: Ball 1-1: Swinging Strike 1-2: Strikes out swinging
|
|
Batting: LHB Justin LeFlore
|
0-0: Ball 1-0: Called Strike 1-1: Ball 2-1: Foul Ball, location: 2F 2-2: Strikes out swinging
|
| Top of the 9th over - 0 runs, 0 hits, 0 errors, 0 left on base; Oakland 7 - Colorado 9 |
|